 Dungeon Crawl Stone Soup version 0.28-a0-529-g3bad584f25 (webtiles) character file.

Game seed: 10043921070568159485

8003 sanka the Martial Artist (level 10, -6/83 HPs)
             Began as a Demigod Transmuter on Sept 24, 2021.
             Mangled by a troll (10 damage)
             ... on level 9 of the Dungeon.
             The game lasted 00:26:20 (15340 turns).

sanka the Martial Artist (Demigod Transmuter)      Turns: 15340, Time: 00:26:20

Health: -6/83      AC:  6    Str: 11    XL:     10   Next: 75%
Magic:  17/17      EV: 17    Int: 27    God:
Gold:   673        SH:  0    Dex: 20    Spells: 9/15 levels left

rFire   . . .      SeeInvis .     - Unarmed
rCold   . . .      Faith    .   (no shield)
rNeg    . . .      Spirit   .   a - +0 robe
rPois   +          Reflect  .   C - +0 helmet
rElec   .          Harm     .   i - +1 cloak
rCorr   .          Rampage  .   m - +0 pair of gloves
Will    +....                   (no boots)
Stlth   ++........              (no amulet)
HPRegen 0.23/turn               g - ring of poison resistance
MPRegen 0.15/turn               c - +6 ring of dexterity

@: slowed, very slow
A: high mp 1, forlorn
a: no special abilities


You were on level 9 of the Dungeon.
You visited 1 branch of the dungeon, and saw 10 of its levels.
You also visited: Sewer.

You collected 673 gold pieces.


Innate Abilities, Weirdness & Mutations

Your attributes grow dramatically as you level up.
You have an increased reservoir of magic. (+10% MP)
You shall have no god before yourself.


   Skills:
 - Level 6.0 Fighting
 - Level 8.0 Dodging
 - Level 10.0 Unarmed Combat
 - Level 3.0 Spellcasting
 + Level 7.5 Transmutations


You had 9 spell levels left.
You knew the following spells:

 Your Spells              Type           Power      Damage    Failure   Level
x - Spider Form           Tmut/Pois      12%        N/A       5%          3
y - Wereblood             Tmut           44%        N/A       1%          2
z - Beastly Appendage     Tmut           88%        N/A       1%          1

Your spell library contained the following spells:

 Spells                   Type           Power      Damage    Failure   Level
 Passwall                 Tmut/Erth      20%        N/A       2%          2
 Sandblast                Erth           8%         2d5       9%          1
 Ice Form                 Ice/Tmut       24%        N/A       19%         4
 Ozocubu's Armour         Ice            4%         N/A       26%         3
 Stone Arrow              Conj/Erth      8%         3d7       26%         3
 Metabolic Englaciation   Hex/Ice        2%         N/A       94%         5
 Simulacrum               Ice/Necr       2%         N/A       100%        6

Inventory:

Hand Weapons
 y - the +6 short sword "Zatisoi" {drain, Stlth+} A truly terrible weapon, it drains the life of any living foe it strikes. Stlth: It makes you more stealthy.
Missiles
 r - a throwing net {=f}
 x - 24 poisoned darts
Armour
 a - a +0 robe (worn)
 i - a +1 cloak (worn)
 m - a +0 pair of gloves (worn)
 C - a +0 helmet (worn)
Magical Staves
 w - a staff of earth
Jewellery
 c - a +6 ring of dexterity (right hand)
 g - a ring of poison resistance (left hand)
Wands
 t - a wand of iceblast (23)
 D - a wand of paralysis (14)
 G - a wand of polymorph (23)
 H - a wand of charming (9)
Scrolls
 b - 4 scrolls of vulnerability {!r}
 e - 3 scrolls of blinking
 j - a scroll of torment {unknown}
 k - 3 scrolls of immolation {!r}
 l - 2 scrolls of fog {unknown}
 n - 3 scrolls of fear
 p - 3 scrolls of magic mapping
 u - 6 scrolls of teleportation {@r4}
 A - a scroll of noise {unknown}
 B - a scroll of holy word {unknown}
 I - a scroll of summoning {unknown}
 J - a scroll of amnesia {unknown}
Potions
 d - a potion of heal wounds {@q2}
 f - a potion of magic {unknown}
 h - a potion of resistance {unknown}
 o - a potion of ambrosia {unknown}
 q - 2 potions of haste {unknown}
 s - 5 potions of curing {unknown}
 v - 2 potions of flight
 z - 2 potions of brilliance {unknown}
 E - a potion of lignification {unknown}
 F - a potion of invisibility {unknown}

Dungeon Overview and Level Annotations

Branches:
Dungeon (10/15)            Temple (0/1) D:5           Sewer (visited)
   Lair: D:8-11         Orc: D:9-12

Annotations:
D:5 2 transporters, sn0wgr3's ghost, novice MiFi
D:9 3 runed translucent doors, DungeonMaster's ghost, novice DsWn

▒▒ ▒▒▒'▒▒ ▒▒▒.▒▒▒ ▒
▒....▒ ▒8...8▒ ▒ ▒....▒
▒▒▒.▒▒▒ ▒
▒....▒▒▒▒▒▒▒▒▒8...8▒ ▒
▒▒▒..........▒▒▒.▒▒▒
▒▒▒▒▒▒▒▒▒▒▒▒▒▒▒▒▒▒8...8▒
..............▒ ▒▒▒.▒▒▒
▒▒▒▒▒▒▒▒▒▒▒▒▒.▒▒▒▒...▒
.▒ ▒...pT..▒▒ .▒
▒▒▒▒▒▒▒▒▒ .▒ .▒ .▒ .▒ .▒
.▒ .▒


You could see a troll.


Message History

The troll barely misses you. The troll completely misses you.
The troll completely misses you.
Aiming: Paralyse
Aim: a troll (chance to affect: 46%)
The troll resists with some effort.
The troll completely misses you. The troll misses you.
The troll completely misses you. The troll misses you.
The troll completely misses you. The troll completely misses you.
Aiming: Paralyse
Aim: a troll (chance to affect: 46%)
The troll resists with some effort.
The troll completely misses you. The troll completely misses you.
The troll claws you.
* * * LOW HITPOINT WARNING * * *
Aiming: Paralyse
Aim: a troll (chance to affect: 46%)
The troll resists with some effort.
Your transformation has ended.
The troll bites you!
* * * LOW HITPOINT WARNING * * *
The troll misses you. The troll claws you!
* * * LOW HITPOINT WARNING * * *
The troll bites you!
You die...

Action                   |  1- 3 |  4- 6 |  7- 9 | 10-12 || total
-------------------------+-------+-------+-------+-------++-------
Melee: Unarmed           |    85 |   126 |   492 |   197 ||   900
       Headbutt          |    20 |    12 |       |       ||    32
       Kick              |    18 |    16 |       |       ||    34
       Punch             |       |     2 |     4 |       ||     6
 Cast: Beastly Appendage |    22 |    12 |       |       ||    34
       Spider Form       |     1 |     9 |    51 |    17 ||    78
 Abil: End Transformatio |       |       |     1 |       ||     1
Evoke: Wand              |       |       |     1 |     4 ||     5
  Use: Potion            |       |       |     5 |       ||     5
       Scroll            |       |       |     4 |     1 ||     5
 Stab: Sleeping          |     2 |     3 |     1 |       ||     6
       Paralysed         |       |       |     2 |       ||     2
Armor: Robe              |    18 |    12 |    21 |       ||    51
       Skin              |       |     2 |    23 |     4 ||    29
Dodge: Dodged            |    33 |    67 |   494 |   206 ||   800

Levels and vault maps discovered:
D:1:      minmay_arrival_doors, layout_basic, lemuel_flame_loot_1
D:2:      layout_basic
D:3:      layout_rooms, nicolae_gozag_seed_capital, serial_curves,
          eino_curves_02, eino_curves_03, eino_curves_04, eino_curves_01,
          minmay_misc_feat_enclosed
D:4:      layout_basic, mainiacjoe_overflow_brackets, kennysheep_mini_moat,
          uniq_eustachio
D:5:      layout_cave_pools, minmay_temple_entry_metal_lava,
          cheibrodos_sewer_entry_sluice, gammafunk_ghost_arena,
          serial_bayou_lagoon_a, uniq_ijyb
D:6:      layout_basic, xom_confusion_cloud
D:7:      layout_loops_ring, mainiacjoe_overflow_catch_the_wave
D:8:      layout_layer_cave, vehumet_statue, serial_glass, glass_columns_b,
          glass_columns_b, minivault_26, uniq_grum
D:9:      layout_basic, grunt_qazlal_clouds, ebering_ghost_gozag,
          minmay_misc_feat_hallway
D:10:     layout_roguey, erik_orc_1, minmay_circle_x, uniq_josephine

Notes
Turn   | Place    | Note
-------+----------+-------------------------------------------
     0 | D:1      | sanka the Demigod Transmuter began the quest for the Orb.
     0 | D:1      | Reached XP level 1. HP: 15/15 MP: 5/5
   218 | D:1      | Reached skill level 2 in Spellcasting
   218 | D:1      | Reached skill level 2 in Transmutations
   396 | D:1      | Reached XP level 2. HP: 22/22 MP: 5/7
   720 | D:1      | Learned a level 2 spell: Wereblood
  1105 | D:1      | Reached skill level 3 in Transmutations
  2018 | D:2      | Reached XP level 3. HP: 25/27 MP: 6/8
  2162 | D:2      | Learned a level 3 spell: Spider Form
  2699 | D:3      | Reached skill level 4 in Transmutations
  2699 | D:3      | Reached XP level 4. HP: 34/34 MP: 5/9
  3404 | D:3      | Reached XP level 5. HP: 38/39 MP: 8/10
  3540 | D:3      | Reached skill level 5 in Transmutations
  3898 | D:4      | Noticed Eustachio
  3914 | D:4      | Killed Eustachio
  4308 | D:4      | Reached skill level 6 in Transmutations
  4308 | D:4      | Reached XP level 6. HP: 46/46 MP: 7/11
  5139 | D:4      | Reached skill level 7 in Transmutations
  5139 | D:4      | Reached skill level 1 in Fighting
  5198 | D:5      | Entered Level 5 of the Dungeon
  5205 | D:5      | Reached skill level 2 in Dodging
  5298 | D:5      | Found a glowing drain.
  5321 | Sewer    | Entered a sewer
  5464 | Sewer    | Reached XP level 7. HP: 42/52 MP: 9/13
  5598 | Sewer    | Reached skill level 3 in Unarmed Combat
  5957 | Sewer    | Reached skill level 2 in Fighting
  6553 | D:5      | Reached skill level 3 in Dodging
  6741 | D:5      | Found a transporter.
  6749 | D:5      | Noticed sn0wgr3's ghost (novice MiFi)
  6750 | D:5      | Noticed a shadow
  6770 | D:5      | Found a transporter.
  6786 | D:5      | Identified the +6 short sword "Zatisoi" {drain, Stlth+}
  6814 | D:5      | Noticed Ijyb
  6832 | D:5      | Killed Ijyb
  6875 | D:5      | Reached skill level 3 in Fighting
  6875 | D:5      | Reached skill level 4 in Unarmed Combat
  7143 | D:5      | Found a staircase to the Ecumenical Temple.
  7396 | D:6      | Reached XP level 8. HP: 54/63 MP: 11/14
  7512 | D:6      | Reached skill level 4 in Dodging
  7752 | D:6      | Reached skill level 4 in Fighting
  7948 | D:6      | Reached skill level 5 in Unarmed Combat
  8320 | D:6      | Noticed a two-headed ogre
  8367 | D:6      | Killed a two-headed ogre
  8368 | D:6      | Reached skill level 5 in Fighting
  8368 | D:6      | Reached skill level 5 in Dodging
  8368 | D:6      | Reached XP level 9. HP: 34/74 MP: 15/15
  8671 | D:6      | Reached skill level 6 in Unarmed Combat
  9518 | D:7      | Reached skill level 6 in Dodging
  9847 | D:7      | Reached skill level 6 in Fighting
 10950 | D:8      | Reached skill level 7 in Unarmed Combat
 11355 | D:8      | Noticed Grum
 11672 | D:8      | Killed Grum
 11673 | D:8      | Reached skill level 7 in Dodging
 12378 | D:8      | Reached XP level 10. HP: 20/83 MP: 14/16
 12734 | D:8      | Reached skill level 8 in Unarmed Combat
 13465 | D:9      | Reached skill level 8 in Dodging
 13802 | D:9      | Found a runed translucent gate.
 13803 | D:9      | Found a runed translucent gate.
 13809 | D:9      | Found a runed translucent gate.
 13810 | D:9      | Noticed a cyclops
 13810 | D:9      | Noticed DungeonMaster's ghost (novice DsWn)
 14422 | D:9      | Reached skill level 9 in Unarmed Combat
 14738 | D:10     | Entered Level 10 of the Dungeon
 15245 | D:10     | Noticed Josephine
 15263 | D:10     | Killed Josephine
 15264 | D:10     | Reached skill level 10 in Unarmed Combat
 15311 | D:10     | Reached skill level 3 in Spellcasting
 15340 | D:9      | HP: 4/83 [troll (10)]
 15340 | D:9      | Mangled by a troll

Vanquished Creatures
  Josephine (D:10)
  A two-headed ogre (D:6)
  4 wraiths
  Eustachio (D:4)
  11 yaks
  Grum (D:8)
  2 acid dragons
  4 ice beasts
  3 orc warriors
  2 black bears
  3 sky beasts
  A necrophage (D:5)
  2 wolves (D:8)
  3 centaurs
  3 ogres
  2 kobold brigands
  2 gnoll sergeants
  2 scorpions
  2 bullfrogs
  4 killer bees
  A howler monkey (D:10)
  2 electric eels (D:7)
  2 bullfrog zombies (D:6)
  5 centaur zombies
  2 jellies (D:7)
  2 centaur skeletons (D:7)
  An orc priest (D:3)
  2 scorpion zombies (D:5)
  5 iguanas
  Ijyb (D:5)
  2 merfolk sirens (Sewer)
  5 orc wizards
  A merfolk avatar (Sewer)
  A statue (D:8)
  A killer bee zombie (D:7)
  A hound skeleton (D:5)
  2 howler monkey zombies
  10 gnolls
  7 adders
  2 river rats (Sewer)
  2 white imps
  3 worms
  2 dart slugs
  16 orcs
  13 ball pythons
  5 endoplasms
  5 giant cockroaches
  4 goblins
  10 hobgoblins
  5 jackals
  5 quokkas
  3 bats
  10 frilled lizards
  9 kobolds
  28 rats
229 creatures vanquished.

Vanquished Creatures (others)
  An endoplasm (D:1)
  28 plants (D:5)
29 creatures vanquished.

Grand Total: 258 creatures vanquished
